WCHLSIM.com - West Coast Hockey League
html PUBLIC "-//W3C//DTD XHTML 1.0 Transitional//EN" "http://www.w3.org/TR/xhtml1/DTD/xhtml1-transitional.dtd"> WCHL - Game 333 - BOISE CARIBOUS vs REGINA FALCONS

BOISE CARIBOUS vs REGINA FALCONS

Created - 27 novembre 2022 at 22:10

Goals
1 2 3 T
BOISE CARIBOUS 0 1 0 1
REGINA FALCONS 1 1 2 4
Shots
1 2 3 T
BOISE CARIBOUS 11 12 14 37
REGINA FALCONS 10 14 13 37

1st period

1. REGINA FALCONS , Jonathan Miller 3 (Chris Tierney 2) at 16:47

Penalties :
Jean-Gabriel Pageau (BOI) for Tripping (Minor) at 3:47

2nd period

2. BOISE CARIBOUS , Matt Duchene 1 (Moritz Seider 9, Rasmus Dahlin 4) at 4:05
3. REGINA FALCONS , Jonathan Drouin 7 (Aaron Ekblad 10, Jason Dickinson 4) at 17:39 (PP)

Penalties :
Jeff Malott (REG) for Interference (Minor) at 4:23, Stefan Noesen (BOI) for Hooking (Minor) at 14:22, Mikael Granlund (BOI) for Roughing (Minor) at 16:55

3rd period

4. REGINA FALCONS , Jonathan Drouin 8 (Jason Dickinson 5, Andrej Sekera 2) at 10:52
5. REGINA FALCONS , David Pastrnak 11 (Tyler Bozak 7) at 10:59

Penalties :
Ben Harpur (REG) for Tripping (Minor) at 0:58

Goalie Stats

Antti Raanta (BOI), 33 saves from 37 shots - (0,892), L, 2-3-1, 60:00 minutes
Jordan Binnington (REG), 36 saves from 37 shots - (0,973), W, 2-9-1, 60:00 minutes

Players Stats for BOISE CARIBOUS

Player Name              G  A  P  +/- PIM S  H  SB GA TA FO     MP     PP MP  PK MP  
------------------------------------------------------------------------------------
Andre Burakovsky         0  0  0  -2  0   2  0  0  0  0  0/0    18:32   2:02   0:00 
Artturi Lehkonen         0  0  0   0  0   1  0  0  0  0  1/2    15:32   0:00   2:58 
Chad Ruhwedel            0  0  0  -2  0   0  1  1  0  0  0/0    16:44   0:00   1:46 
Charlie Coyle            0  0  0  -1  0   1  1  0  0  0  12/26  18:48   1:56   1:12 
Danton Heinen            0  0  0   0  0   2  2  0  0  0  0/1    14:18   0:00   1:44 
Dmitry Kulikov           0  0  0  -1  0   2  6  1  0  0  0/0    20:09   0:00   2:41 
Dylan DeMelo             0  0  0  -2  0   0  0  2  0  0  0/0    17:17   0:00   2:19 
Jean-Gabriel Pageau      0  0  0   0  2   5  3  0  0  0  15/18  15:18   1:56   0:49 
Jesperi Kotkaniemi       0  0  0   1  0   2  0  0  0  0  8/14    8:56   0:00   2:20 
Lawson Crouse            0  0  0  -1  0   4  1  0  0  0  0/1    17:36   1:56   0:00 
Matt Duchene             1  0  1   1  0   4  0  0  0  0  0/0     8:38   2:02   0:00 
Mikael Granlund          0  0  0  -2  2   4  3  0  0  0  13/19  18:31   2:02   0:00 
Moritz Seider            0  1  1   1  0   1  0  1  0  0  0/0    23:01   2:02   2:05 
Nick Schmaltz            0  0  0  -2  0   3  0  0  0  0  0/0    18:53   2:02   0:21 
Oliver Kylington         0  0  0  -1  0   1  2  0  0  0  0/0    17:28   0:00   0:00 
Rasmus Dahlin            0  1  1   1  0   2  1  2  0  0  0/0    21:23   1:56   0:33 
Stefan Noesen            0  0  0   1  2   0  1  0  0  0  0/0     6:35   0:00   0:00 
Tim Stutzle              0  0  0  -1  0   3  0  0  0  0  2/5    17:36   1:56   0:00 

Players Stats for REGINA FALCONS

Player Name              G  A  P  +/- PIM S  H  SB GA TA FO     MP     PP MP  PK MP  
------------------------------------------------------------------------------------
Aaron Ekblad             0  1  1  -1  0   3  0  1  0  0  0/0    22:43   3:13   2:27 
Andrej Sekera            0  1  1   2  0   2  0  2  0  0  0/0    20:54   2:39   1:46 
Ben Harpur               0  0  0   1  2   1  0  1  0  0  0/0    20:07   1:29   1:03 
Chris Tierney            0  1  1   1  0   0  0  0  0  0  8/19   16:36   1:35   1:40 
Cole Smith               0  0  0   0  0   0  2  0  0  0  0/0     7:15   1:35   0:00 
David Pastrnak           1  0  1   0  0   8  1  0  0  0  1/1    16:20   0:00   0:00 
Filip Zadina             0  0  0   0  0   1  2  0  0  0  0/0    16:36   0:16   0:00 
Ivan Provorov            0  0  0   1  0   0  1  3  0  0  0/0    25:16   2:03   2:12 
James Hamblin            0  0  0   0  0   3  0  0  0  0  2/8     9:33   1:35   2:18 
Jason Dickinson          0  2  2   1  0   2  0  0  0  0  3/7    21:00   2:51   2:10 
Jeff Malott              0  0  0   1  2   1  2  0  0  0  1/1    19:05   3:07   0:00 
Jonathan Drouin          2  0  2   1  0   9  0  0  0  0  8/22   20:54   3:07   1:48 
Jonathan Miller          1  0  1   1  0   4  2  0  0  0  4/4    13:21   0:00   0:00 
Matt Bartkowski          0  0  0   2  0   0  2  2  0  0  0/0    17:21   0:00   0:28 
Michael Dal Colle        0  0  0   0  0   0  0  0  0  0  0/0     5:40   0:00   0:00 
Nick Perbix              0  0  0  -1  0   0  2  0  0  0  0/0    13:38   0:00   0:00 
Simon Ryfors             0  0  0   1  0   0  1  0  0  0  0/2    13:21   0:00   0:00 
Tyler Bozak              0  1  1   0  0   3  1  0  0  0  8/22   16:20   0:00   0:00 

3 Stars

1 - Jordan Binnington (REG)
2 - Jonathan Drouin (REG)
3 - Jonathan Miller (REG)

Power Play

BOISE CARIBOUS - 0 on 2 Attempt(s) - 0,00%
REGINA FALCONS - 1 on 3 Attempt(s) - 33,33%

Penalty Kill

BOISE CARIBOUS - 2 on 3 Attempt(s) - 66,67% - Score 0 goal in Penalty Kill
REGINA FALCONS - 2 on 2 Attempt(s) - 100,00% - Score 0 goal in Penalty Kill

Team Stat

BOISE CARIBOUS - Hits : 21 - Faceoff Wins : 51 - Blocked Shots : 7 - Penalty Minutes : 6
REGINA FALCONS - Hits : 16 - Faceoff Wins : 35 - Blocked Shots : 9 - Penalty Minutes : 4

Official

Referees : Wes McCauley and Francois St-Laurent
Linesman : Derek Nansen and Shaun Morgan

Game Notes

No Game Note

Finance

Level 1 -- Attendance: 4302 (71,70%) -- Ticket Income 1 010 970 $
Level 2 -- Attendance: 2915 (58,30%) -- Ticket Income 524 700 $
Level 3 -- Attendance: 1330 (66,50%) -- Ticket Income 186 200 $
Level 4 -- Attendance: 2821 (70,53%) -- Ticket Income 253 890 $
Luxury Box -- Attendance: 1000 (100,00%) -- Ticket Income 220 000 $
Game was played at the Larouche Arena.
Total Attendance: 12368 (68,71%)
Total Ticket Income: 2 195 760 $
Other Expense: 21 958 $
Total Income: 2 173 802 $

BOISE CARIBOUS

5 vs 5 Forward 
   Center                   Left Wing                Right Wing               Time % Phy DF OF 
 1 Mikael Granlund          Andre Burakovsky         Nick Schmaltz            34     0   3  2  
 2 Charlie Coyle            Tim Stutzle              Lawson Crouse            32     0   3  2  
 3 Jean-Gabriel Pageau      Artturi Lehkonen         Danton Heinen            26     0   3  2  
 4 Jesperi Kotkaniemi       Stefan Noesen            Matt Duchene             8      0   4  1  

5 vs 5 Defense 
   Defense                  Defense                                           Time % Phy DF OF 
 1 Rasmus Dahlin            Moritz Seider                                     36     0   3  2  
 2 Oliver Kylington         Dmitry Kulikov                                    34     0   4  1  
 3 Dylan DeMelo             Chad Ruhwedel                                     30     0   4  1  
 4 Chad Ruhwedel            Moritz Seider                                     0      1   2  2  

PowerPlay Forward 
   Center                   Left Wing                Right Wing               Time % Phy DF OF 
 1 Mikael Granlund          Andre Burakovsky         Matt Duchene             55     0   1  4  
 2 Jean-Gabriel Pageau      Tim Stutzle              Charlie Coyle            45     0   2  3  

PowerPlay Defense
   Defense                  Defense                                           Time % Phy DF OF 
 1 Nick Schmaltz            Moritz Seider                                     55     0   2  3  
 2 Rasmus Dahlin            Lawson Crouse                                     45     0   1  4  

Penalty Kill 4 Players Forward 
   Center                   Wing                     Time % Phy DF OF 
 1 Jesperi Kotkaniemi       Artturi Lehkonen         55     0   4  1  
 2 Jean-Gabriel Pageau      Danton Heinen            45     1   4  0  

Penalty Kill 4 Players Defense
   Defense                  Defense                  Time % Phy DF OF 
 1 Dmitry Kulikov           Dylan DeMelo             55     1   4  0  
 2 Moritz Seider            Chad Ruhwedel            45     1   4  0  

Penalty Kill - 3 Players Forward 
   Forward                                           Time % Phy DF OF 
 1 Jesperi Kotkaniemi                                55     1   3  1  
 2 Jean-Gabriel Pageau                               45     1   3  1  

Penalty Kill - 3 Players Defense
   Defense                  Defense                  Time % Phy DF OF 
 1 Chad Ruhwedel            Moritz Seider            55     1   4  0  
 2 Rasmus Dahlin            Dylan DeMelo             45     1   4  0  

4 vs 4 Forward 
   Center                   Wing                     Time % Phy DF OF 
 1 Jesperi Kotkaniemi       Danton Heinen            55     1   2  2  
 2 Jean-Gabriel Pageau      Stefan Noesen            45     1   2  2  

4 vs 4 Defense
   Defense                  Defense                  Time % Phy DF OF 
 1 Oliver Kylington         Chad Ruhwedel            55     1   2  2  
 2 Rasmus Dahlin            Moritz Seider            45     1   2  2  

Last Minutes Offensive
   Center                   Left Wing                Right Wing               Defense                  Defense                  
   Mikael Granlund          Andre Burakovsky         Nick Schmaltz            Rasmus Dahlin            Moritz Seider            

Last Minutes Defensive
   Center                   Left Wing                Right Wing               Defense                  Defense                  
   Jean-Gabriel Pageau      Jesperi Kotkaniemi       Andre Burakovsky         Chad Ruhwedel            Moritz Seider            

Goaltenders
Starting : Antti Raanta             
Backup : Ilya Sorokin             

Extra Forwards
Normal : Jean-Gabriel Pageau, Danton Heinen, Charlie Coyle - PP : Lawson Crouse, Jean-Gabriel Pageau - PK : Charlie Coyle
Extra Defensemen
Normal : Oliver Kylington, Chad Ruhwedel, Dylan DeMelo - PP : Oliver Kylington - PK : Dmitry Kulikov, Rasmus Dahlin
Penalty Shots
Andre Burakovsky, Nick Schmaltz, Tim Stutzle, Charlie Coyle, Mikael Granlund
Custom OT Lines Forwards
Stefan Noesen, Andre Burakovsky, Nick Schmaltz, Mikael Granlund, Jean-Gabriel Pageau, Charlie Coyle, Tim Stutzle, Artturi Lehkonen, Lawson Crouse, Jesperi Kotkaniemi
Custom OT Lines Defensemen
Moritz Seider, Rasmus Dahlin, Chad Ruhwedel, Dmitry Kulikov, Oliver Kylington

Scratches
Michael Raffl (Healthy), Rasmus Andersson (Back Surgery Injury)

REGINA FALCONS

5 vs 5 Forward 
   Center                   Left Wing                Right Wing               Time % Phy DF OF 
 1 Jonathan Drouin          Jason Dickinson          Jeff Malott              32     1   2  2  
 2 Tyler Bozak              Filip Zadina             David Pastrnak           32     1   2  2  
 3 Chris Tierney            Jonathan Miller          Simon Ryfors             25     1   2  2  
 4 James Hamblin            Cole Smith               Michael Dal Colle        11     1   2  2  

5 vs 5 Defense 
   Defense                  Defense                                           Time % Phy DF OF 
 1 Ivan Provorov            Ben Harpur                                        33     1   2  2  
 2 Matt Bartkowski          Andrej Sekera                                     33     1   2  2  
 3 Nick Perbix              Aaron Ekblad                                      24     1   2  2  
 4 Ivan Provorov            Aaron Ekblad                                      10     1   2  2  

PowerPlay Forward 
   Center                   Left Wing                Right Wing               Time % Phy DF OF 
 1 Jonathan Drouin          Jason Dickinson          Jeff Malott              55     1   2  2  
 2 Chris Tierney            Cole Smith               James Hamblin            45     1   2  2  

PowerPlay Defense
   Defense                  Defense                                           Time % Phy DF OF 
 1 Ivan Provorov            Ben Harpur                                        55     1   2  2  
 2 Aaron Ekblad             Andrej Sekera                                     45     1   2  2  

Penalty Kill 4 Players Forward 
   Center                   Wing                     Time % Phy DF OF 
 1 Jason Dickinson          James Hamblin            55     1   2  2  
 2 Jonathan Drouin          Chris Tierney            45     1   2  2  

Penalty Kill 4 Players Defense
   Defense                  Defense                  Time % Phy DF OF 
 1 Ivan Provorov            Aaron Ekblad             55     1   2  2  
 2 Ben Harpur               Andrej Sekera            45     1   2  2  

Penalty Kill - 3 Players Forward 
   Forward                                           Time % Phy DF OF 
 1 Jonathan Drouin                                   55     1   2  2  
 2 Jason Dickinson                                   45     1   2  2  

Penalty Kill - 3 Players Defense
   Defense                  Defense                  Time % Phy DF OF 
 1 Ivan Provorov            Aaron Ekblad             55     1   2  2  
 2 Ben Harpur               Andrej Sekera            45     1   2  2  

4 vs 4 Forward 
   Center                   Wing                     Time % Phy DF OF 
 1 James Hamblin            Jason Dickinson          55     1   2  2  
 2 Jonathan Drouin          Chris Tierney            45     1   2  2  

4 vs 4 Defense
   Defense                  Defense                  Time % Phy DF OF 
 1 Aaron Ekblad             Ben Harpur               55     1   2  2  
 2 Ivan Provorov            Andrej Sekera            45     1   2  2  

Last Minutes Offensive
   Center                   Left Wing                Right Wing               Defense                  Defense                  
   Jonathan Drouin          Jason Dickinson          Jeff Malott              Ivan Provorov            Ben Harpur               

Last Minutes Defensive
   Center                   Left Wing                Right Wing               Defense                  Defense                  
   Jonathan Drouin          Jason Dickinson          Jeff Malott              Ivan Provorov            Ben Harpur               

Goaltenders
Starting : Jordan Binnington        
Backup : Chris Driedger           

Extra Forwards
Normal : Cole Smith, Chris Tierney, James Hamblin - PP : Cole Smith, Chris Tierney - PK : James Hamblin
Extra Defensemen
Normal : Andrej Sekera, Aaron Ekblad, Ivan Provorov - PP : Andrej Sekera - PK : Andrej Sekera, Ben Harpur
Penalty Shots
Jason Dickinson, Chris Tierney, Jonathan Drouin, James Hamblin, Cole Smith
Custom OT Lines Forwards
Jeff Malott, Jonathan Miller, Jonathan Drouin, Tyler Bozak, Cole Smith, Jason Dickinson, Chris Tierney, Filip Zadina, James Hamblin, Michael Dal Colle
Custom OT Lines Defensemen
Matt Bartkowski, Ben Harpur, Ivan Provorov, Andrej Sekera, Aaron Ekblad

Scratches
Tom Wilson (Herniated Disc Injury), Nicolas Hague (Groin Injury), Joel Armia (Abdomen/Ribs Injury), Joel Edmundson (Right Leg Injury), Taylor Ward (Healthy)
Josef Korenar (Healthy)

% Time on Ice - BOISE CARIBOUS

Lines # - Real PCT - Wanted PCT - Time Play
Normal Forward
1 - 32% - 34% - 16:30
2 - 31% - 32% - 15:40
3 - 24% - 26% - 12:34
4 - 13% - 8% - 6:36
Normal Defense
1 - 37% - 36% - 18:54
2 - 34% - 34% - 17:28
3 - 29% - 30% - 14:58
4 - 0% - 0% - 0:00
PP Forward
1 - 51% - 55% - 2:02
2 - 49% - 45% - 1:56
PP Defense
1 - 51% - 55% - 2:02
2 - 49% - 45% - 1:56
PK Forward
1 - 63% - 55% - 2:58
2 - 37% - 45% - 1:44
PK Defense
1 - 56% - 55% - 2:37
2 - 44% - 45% - 2:05
PK3 Forward
1 - 0% - 55%
2 - 0% - 45%
PK3 Defense
1 - 0% - 55%
2 - 0% - 45%
44 Forward
1 - 0% - 55%
2 - 0% - 45%
44 Defense
1 - 0% - 55%
2 - 0% - 45%
Last Minute Offensive  - 0:00
Last Minute Defensive  - 0:00
Total
Forward - 60:00
Defense - 60:00

% Time on Ice - REGINA FALCONS

Lines # - Real PCT - Wanted PCT - Time Play
Normal Forward
1 - 31% - 32% - 15:59
2 - 32% - 32% - 16:20
3 - 26% - 25% - 13:21
4 - 11% - 11% - 5:40
Normal Defense
1 - 34% - 33% - 17:26
2 - 33% - 33% - 16:41
3 - 26% - 24% - 13:26
4 - 7% - 10% - 3:47
PP Forward
1 - 66% - 55% - 3:07
2 - 34% - 45% - 1:35
PP Defense
1 - 44% - 55% - 2:03
2 - 56% - 45% - 2:39
PK Forward
1 - 58% - 55% - 2:18
2 - 42% - 45% - 1:40
PK Defense
1 - 50% - 55% - 2:00
2 - 50% - 45% - 1:58
PK3 Forward
1 - 0% - 55%
2 - 0% - 45%
PK3 Defense
1 - 0% - 55%
2 - 0% - 45%
44 Forward
1 - 0% - 55%
2 - 0% - 45%
44 Defense
1 - 0% - 55%
2 - 0% - 45%
Last Minute Offensive  - 0:00
Last Minute Defensive  - 0:00
Total
Forward - 60:00
Defense - 60:00

Play-by-Play

1st period


0:01 of 1st period - Jonathan Drouin wins face-off versus Mikael Granlund in neutral zone.
0:12 of 1st period - Jason Dickinson is hit by Mikael Granlund and loses puck.
1:19 of 1st period - Icing by Filip Zadina.
1:20 of 1st period - Jean-Gabriel Pageau wins face-off versus Tyler Bozak in REGINA FALCONS zone.
1:45 of 1st period - Shot by Filip Zadina.
1:45 of 1st period - Stopped by Antti Raanta without a rebound.
1:46 of 1st period - Jesperi Kotkaniemi wins face-off versus Chris Tierney in BOISE CARIBOUS zone.
3:19 of 1st period - Chad Ruhwedel is hit by Cole Smith and loses puck.
3:47 of 1st period - Minor Penalty to Jean-Gabriel Pageau for Tripping.
3:48 of 1st period - Jesperi Kotkaniemi wins face-off versus Jonathan Drouin in BOISE CARIBOUS zone.
4:26 of 1st period - Shot by Aaron Ekblad.
4:26 of 1st period - Stopped by Antti Raanta without a rebound.
4:27 of 1st period - Jonathan Drouin wins face-off versus Jesperi Kotkaniemi in BOISE CARIBOUS zone.
4:52 of 1st period - Shot by Aaron Ekblad.
4:52 of 1st period - Deflect By Jonathan Drouin.
4:52 of 1st period - Stopped by Antti Raanta with a rebound.
4:54 of 1st period - Shot by Aaron Ekblad.
4:54 of 1st period - Shot Misses the Net.
4:56 of 1st period - Shot by Andrej Sekera.
4:56 of 1st period - Stopped by Antti Raanta without a rebound.
4:57 of 1st period - Chris Tierney wins face-off versus Jesperi Kotkaniemi in BOISE CARIBOUS zone.
5:56 of 1st period - Shot by Tyler Bozak.
5:56 of 1st period - Deflect By David Pastrnak.
5:56 of 1st period - Stopped by Antti Raanta with a rebound.
5:58 of 1st period - Shot by David Pastrnak.
5:58 of 1st period - Stopped by Antti Raanta without a rebound.
5:59 of 1st period - Charlie Coyle wins face-off versus Chris Tierney in BOISE CARIBOUS zone.
6:06 of 1st period - Shot by Tim Stutzle.
6:06 of 1st period - Shot Misses the Net.
6:08 of 1st period - Shot by Lawson Crouse.
6:08 of 1st period - Shot Misses the Net.
6:10 of 1st period - Shot by Oliver Kylington.
6:10 of 1st period - Stopped by Jordan Binnington with a rebound.
6:12 of 1st period - Shot by Oliver Kylington.
6:12 of 1st period - Shot Blocked by Andrej Sekera.
6:21 of 1st period - Icing by Jonathan Miller.
6:22 of 1st period - Jonathan Miller wins face-off versus Mikael Granlund in REGINA FALCONS zone.
6:43 of 1st period - Shot by Mikael Granlund.
6:43 of 1st period - Shot Misses the Net.
7:25 of 1st period - Shot by Ivan Provorov.
7:25 of 1st period - Shot Blocked by Dmitry Kulikov.
7:29 of 1st period - Shot by Tyler Bozak.
7:29 of 1st period - Shot Misses the Net.
7:39 of 1st period - Shot by David Pastrnak.
7:39 of 1st period - Stopped by Antti Raanta without a rebound.
7:40 of 1st period - Jonathan Drouin wins face-off versus Charlie Coyle in BOISE CARIBOUS zone.
7:43 of 1st period - Shot by Jonathan Drouin.
7:43 of 1st period - Stopped by Antti Raanta without a rebound.
7:44 of 1st period - Jonathan Drouin wins face-off versus Tim Stutzle in BOISE CARIBOUS zone.
8:09 of 1st period - Icing by Dylan DeMelo.
8:10 of 1st period - Charlie Coyle wins face-off versus Tyler Bozak in BOISE CARIBOUS zone.
8:33 of 1st period - Ivan Provorov is hit by Charlie Coyle and loses puck.
9:12 of 1st period - Shot by Danton Heinen.
9:12 of 1st period - Deflect By Jean-Gabriel Pageau.
9:12 of 1st period - Stopped by Jordan Binnington with a rebound.
9:35 of 1st period - Jonathan Drouin is hit by Dmitry Kulikov and loses puck.
10:20 of 1st period - Shot by Nick Schmaltz.
10:20 of 1st period - Stopped by Jordan Binnington with a rebound.
10:22 of 1st period - Shot by Andre Burakovsky.
10:22 of 1st period - Stopped by Jordan Binnington with a rebound.
10:24 of 1st period - Shot by Andre Burakovsky.
10:24 of 1st period - Deflect By Mikael Granlund.
10:24 of 1st period - Shot Misses the Net.
10:28 of 1st period - Shot by Mikael Granlund.
10:28 of 1st period - Shot Misses the Net.
10:48 of 1st period - Shot by Tim Stutzle.
10:48 of 1st period - Shot Misses the Net.
11:15 of 1st period - Shot by Tim Stutzle.
11:15 of 1st period - Stopped by Jordan Binnington without a rebound.
11:16 of 1st period - Jesperi Kotkaniemi wins face-off versus Tyler Bozak in REGINA FALCONS zone.
11:21 of 1st period - Shot by Matt Duchene.
11:21 of 1st period - Stopped by Jordan Binnington without a rebound.
11:22 of 1st period - Tyler Bozak wins face-off versus Jesperi Kotkaniemi in REGINA FALCONS zone.
11:35 of 1st period - Shot by Tyler Bozak.
11:35 of 1st period - Stopped by Antti Raanta without a rebound.
11:36 of 1st period - Mikael Granlund wins face-off versus Jonathan Drouin in BOISE CARIBOUS zone.
12:09 of 1st period - Shot by Nick Schmaltz.
12:09 of 1st period - Shot Misses the Net.
12:40 of 1st period - Off-side.
12:41 of 1st period - Jean-Gabriel Pageau wins face-off versus James Hamblin in neutral zone.
12:41 of 1st period - Artturi Lehkonen is hit by Cole Smith and loses puck.
12:50 of 1st period - Shot by Jean-Gabriel Pageau.
12:50 of 1st period - Stopped by Jordan Binnington with a rebound.
13:01 of 1st period - Danton Heinen is hit by Nick Perbix and loses puck.
13:16 of 1st period - Icing by Aaron Ekblad.
13:17 of 1st period - Charlie Coyle wins face-off versus James Hamblin in REGINA FALCONS zone.
13:18 of 1st period - Shot by Tim Stutzle.
13:18 of 1st period - Shot Misses the Net.
14:21 of 1st period - Shot by Jesperi Kotkaniemi.
14:21 of 1st period - Stopped by Jordan Binnington with a rebound.
14:23 of 1st period - Shot by Stefan Noesen.
14:23 of 1st period - Shot Misses the Net.
14:25 of 1st period - Shot by Jesperi Kotkaniemi.
14:25 of 1st period - Shot Misses the Net.
14:47 of 1st period - Shot by Jesperi Kotkaniemi.
14:47 of 1st period - Shot Misses the Net.
14:49 of 1st period - Shot by Rasmus Dahlin.
14:49 of 1st period - Stopped by Jordan Binnington without a rebound.
14:50 of 1st period - Jean-Gabriel Pageau wins face-off versus Jonathan Drouin in REGINA FALCONS zone.
15:13 of 1st period - Danton Heinen is hit by Jeff Malott and loses puck.
16:12 of 1st period - Nick Schmaltz is hit by Ivan Provorov and loses puck.
16:39 of 1st period - Shot by Chris Tierney.
16:39 of 1st period - Deflect By Jonathan Miller.
16:39 of 1st period - Shot Misses the Net.
16:41 of 1st period - Shot by Jonathan Miller.
16:41 of 1st period - Shot Misses the Net.
16:43 of 1st period - Shot by Chris Tierney.
16:43 of 1st period - Shot Misses the Net.
16:45 of 1st period - Shot by Jonathan Miller.
16:45 of 1st period - Shot Misses the Net.
16:47 of 1st period - Shot by Jonathan Miller.
16:47 of 1st period - Goal by Jonathan Miller - BOISE CARIBOUS : 0 - REGINA FALCONS : 1.
16:48 of 1st period - Charlie Coyle wins face-off versus James Hamblin in neutral zone.
16:57 of 1st period - Shot by Tim Stutzle.
16:57 of 1st period - Shot Misses the Net.
16:59 of 1st period - Shot by Moritz Seider.
16:59 of 1st period - Stopped by Jordan Binnington without a rebound.
17:00 of 1st period - Tyler Bozak wins face-off versus Artturi Lehkonen in REGINA FALCONS zone.
17:09 of 1st period - Icing by Oliver Kylington.
17:10 of 1st period - Jean-Gabriel Pageau wins face-off versus Simon Ryfors in BOISE CARIBOUS zone.
17:10 of 1st period - Jean-Gabriel Pageau is hit by Jonathan Miller.
17:22 of 1st period - Shot by Danton Heinen.
17:22 of 1st period - Shot Misses the Net.
17:24 of 1st period - Shot by Dmitry Kulikov.
17:24 of 1st period - Stopped by Jordan Binnington without a rebound.
17:25 of 1st period - Charlie Coyle wins face-off versus Tyler Bozak in REGINA FALCONS zone.
18:03 of 1st period - Icing by Ben Harpur.
18:04 of 1st period - Mikael Granlund wins face-off versus Tyler Bozak in REGINA FALCONS zone.
18:54 of 1st period - Icing by Ivan Provorov.
18:55 of 1st period - Charlie Coyle wins face-off versus Tyler Bozak in REGINA FALCONS zone.
19:13 of 1st period - Icing by Charlie Coyle.
19:14 of 1st period - Jeff Malott wins face-off versus Charlie Coyle in BOISE CARIBOUS zone.
19:17 of 1st period - Shot by Jonathan Drouin.
19:17 of 1st period - Shot Misses the Net.
19:23 of 1st period - Shot by Tim Stutzle.
19:23 of 1st period - Shot Misses the Net.
19:25 of 1st period - Shot by Moritz Seider.
19:25 of 1st period - Shot Misses the Net.
19:42 of 1st period - Charlie Coyle is hit by Matt Bartkowski and loses puck.
Goals for this period are 0 for BOISE CARIBOUS vs 1 for REGINA FALCONS.
Shots for this period are 11 for BOISE CARIBOUS vs 10 for REGINA FALCONS.

2nd period


0:01 of 2nd period - Jean-Gabriel Pageau wins face-off versus Chris Tierney in neutral zone.
0:15 of 2nd period - Shot by Jonathan Miller.
0:15 of 2nd period - Shot Hit the Post.
0:29 of 2nd period - Shot by Danton Heinen.
0:29 of 2nd period - Shot Misses the Net.
0:34 of 2nd period - Icing by Aaron Ekblad.
0:35 of 2nd period - Chris Tierney wins face-off versus Mikael Granlund in REGINA FALCONS zone.
1:23 of 2nd period - Andre Burakovsky is hit by Matt Bartkowski and loses puck.
2:04 of 2nd period - Icing by Dmitry Kulikov.
2:05 of 2nd period - Jean-Gabriel Pageau wins face-off versus James Hamblin in BOISE CARIBOUS zone.
2:26 of 2nd period - Shot by Artturi Lehkonen.
2:26 of 2nd period - Shot Blocked by Ivan Provorov.
3:07 of 2nd period - Off-side.
3:08 of 2nd period - Charlie Coyle wins face-off versus Tyler Bozak in neutral zone.
3:17 of 2nd period - Shot by Lawson Crouse.
3:17 of 2nd period - Shot Misses the Net.
4:05 of 2nd period - Shot by Matt Duchene.
4:05 of 2nd period - Goal by Matt Duchene - BOISE CARIBOUS : 1 - REGINA FALCONS : 1.
4:06 of 2nd period - Mikael Granlund wins face-off versus Jonathan Drouin in neutral zone.
4:23 of 2nd period - Minor Penalty to Jeff Malott for Interference.
4:24 of 2nd period - Mikael Granlund wins face-off versus Jason Dickinson in REGINA FALCONS zone.
4:25 of 2nd period - Shot by Matt Duchene.
4:25 of 2nd period - Shot Misses the Net.
4:31 of 2nd period - Shot by Matt Duchene.
4:31 of 2nd period - Shot Misses the Net.
4:33 of 2nd period - Shot by Matt Duchene.
4:33 of 2nd period - Stopped by Jordan Binnington without a rebound.
4:34 of 2nd period - Jason Dickinson wins face-off versus Jean-Gabriel Pageau in REGINA FALCONS zone.
4:53 of 2nd period - Shot by Tim Stutzle.
4:53 of 2nd period - Shot Misses the Net.
4:55 of 2nd period - Shot by Lawson Crouse.
4:55 of 2nd period - Shot Blocked by Ivan Provorov.
4:57 of 2nd period - Shot by Jean-Gabriel Pageau.
4:57 of 2nd period - Shot Misses the Net.
4:59 of 2nd period - Shot by Tim Stutzle.
4:59 of 2nd period - Shot Blocked by Aaron Ekblad.
5:01 of 2nd period - Shot by Rasmus Dahlin.
5:01 of 2nd period - Stopped by Jordan Binnington without a rebound.
5:02 of 2nd period - Mikael Granlund wins face-off versus Jonathan Drouin in REGINA FALCONS zone.
6:37 of 2nd period - Tyler Bozak is hit by Jean-Gabriel Pageau and loses puck.
6:48 of 2nd period - Shot by Artturi Lehkonen.
6:48 of 2nd period - Stopped by Jordan Binnington without a rebound.
6:49 of 2nd period - Tim Stutzle wins face-off versus Chris Tierney in REGINA FALCONS zone.
7:00 of 2nd period - Shot by Lawson Crouse.
7:00 of 2nd period - Stopped by Jordan Binnington without a rebound.
7:01 of 2nd period - Charlie Coyle wins face-off versus James Hamblin in REGINA FALCONS zone.
7:18 of 2nd period - Shot by Tim Stutzle.
7:18 of 2nd period - Shot Misses the Net.
7:28 of 2nd period - Shot by Lawson Crouse.
7:28 of 2nd period - Stopped by Jordan Binnington without a rebound.
7:29 of 2nd period - Mikael Granlund wins face-off versus Jonathan Drouin in REGINA FALCONS zone.
8:08 of 2nd period - Shot by Jonathan Drouin.
8:08 of 2nd period - Stopped by Antti Raanta without a rebound.
8:09 of 2nd period - Chris Tierney wins face-off versus Charlie Coyle in BOISE CARIBOUS zone.
8:10 of 2nd period - Shot by Jonathan Miller.
8:10 of 2nd period - Stopped by Antti Raanta without a rebound.
8:11 of 2nd period - Chris Tierney wins face-off versus Charlie Coyle in BOISE CARIBOUS zone.
8:12 of 2nd period - Shot by Jonathan Miller.
8:12 of 2nd period - Stopped by Antti Raanta without a rebound.
8:13 of 2nd period - Chris Tierney wins face-off versus Charlie Coyle in BOISE CARIBOUS zone.
8:30 of 2nd period - Off-side.
8:31 of 2nd period - Mikael Granlund wins face-off versus Jonathan Drouin in neutral zone.
9:29 of 2nd period - Icing by Jonathan Miller.
9:30 of 2nd period - Jean-Gabriel Pageau wins face-off versus Simon Ryfors in REGINA FALCONS zone.
9:35 of 2nd period - Shot by Artturi Lehkonen.
9:35 of 2nd period - Deflect By Jean-Gabriel Pageau.
9:35 of 2nd period - Stopped by Jordan Binnington with a rebound.
9:49 of 2nd period - Shot by Jean-Gabriel Pageau.
9:49 of 2nd period - Shot Blocked by Andrej Sekera.
9:51 of 2nd period - Shot by Danton Heinen.
9:51 of 2nd period - Deflect By Jean-Gabriel Pageau.
9:51 of 2nd period - Stopped by Jordan Binnington without a rebound.
9:52 of 2nd period - Tyler Bozak wins face-off versus Charlie Coyle in REGINA FALCONS zone.
9:59 of 2nd period - Shot by David Pastrnak.
9:59 of 2nd period - Stopped by Antti Raanta with a rebound.
10:01 of 2nd period - Shot by Filip Zadina.
10:01 of 2nd period - Deflect By David Pastrnak.
10:01 of 2nd period - Stopped by Antti Raanta without a rebound.
10:02 of 2nd period - James Hamblin wins face-off versus Charlie Coyle in BOISE CARIBOUS zone.
10:02 of 2nd period - James Hamblin is hit by Rasmus Dahlin.
10:19 of 2nd period - Shot by Tim Stutzle.
10:19 of 2nd period - Stopped by Jordan Binnington without a rebound.
10:20 of 2nd period - Artturi Lehkonen wins face-off versus Tyler Bozak in REGINA FALCONS zone.
10:23 of 2nd period - Shot by Danton Heinen.
10:23 of 2nd period - Stopped by Jordan Binnington without a rebound.
10:24 of 2nd period - Jean-Gabriel Pageau wins face-off versus Tyler Bozak in REGINA FALCONS zone.
10:53 of 2nd period - Off-side.
10:54 of 2nd period - Charlie Coyle wins face-off versus Jonathan Drouin in neutral zone.
11:11 of 2nd period - Shot by Tim Stutzle.
11:11 of 2nd period - Deflect By Charlie Coyle.
11:11 of 2nd period - Shot Blocked by Matt Bartkowski.
11:27 of 2nd period - Shot by Jeff Malott.
11:27 of 2nd period - Stopped by Antti Raanta without a rebound.
11:28 of 2nd period - Chris Tierney wins face-off versus Mikael Granlund in BOISE CARIBOUS zone.
13:35 of 2nd period - Icing by Jonathan Drouin.
13:36 of 2nd period - Jason Dickinson wins face-off versus Jesperi Kotkaniemi in REGINA FALCONS zone.
13:36 of 2nd period - Jason Dickinson is hit by Stefan Noesen.
13:51 of 2nd period - Icing by Dylan DeMelo.
13:52 of 2nd period - Jesperi Kotkaniemi wins face-off versus Chris Tierney in BOISE CARIBOUS zone.
13:54 of 2nd period - Icing by Matt Duchene.
13:55 of 2nd period - Jesperi Kotkaniemi wins face-off versus Chris Tierney in BOISE CARIBOUS zone.
13:55 of 2nd period - Jesperi Kotkaniemi is hit by Simon Ryfors.
14:22 of 2nd period - Minor Penalty to Stefan Noesen for Hooking.
14:23 of 2nd period - Jesperi Kotkaniemi wins face-off versus Jonathan Drouin in BOISE CARIBOUS zone.
14:38 of 2nd period - Shot by Aaron Ekblad.
14:38 of 2nd period - Shot Misses the Net.
14:40 of 2nd period - Shot by Jonathan Drouin.
14:40 of 2nd period - Shot Blocked by Moritz Seider.
15:22 of 2nd period - Ben Harpur is hit by Jean-Gabriel Pageau and loses puck.
16:07 of 2nd period - Shot by Aaron Ekblad.
16:07 of 2nd period - Stopped by Antti Raanta with a rebound.
16:09 of 2nd period - Shot by Aaron Ekblad.
16:09 of 2nd period - Stopped by Antti Raanta without a rebound.
16:10 of 2nd period - Jean-Gabriel Pageau wins face-off versus Jonathan Drouin in BOISE CARIBOUS zone.
16:37 of 2nd period - Rasmus Dahlin is hit by David Pastrnak and loses puck.
16:55 of 2nd period - Minor Penalty to Mikael Granlund for Roughing.
16:56 of 2nd period - Jesperi Kotkaniemi wins face-off versus Chris Tierney in BOISE CARIBOUS zone.
17:07 of 2nd period - Shot by Ivan Provorov.
17:07 of 2nd period - Shot Misses the Net.
17:09 of 2nd period - Shot by James Hamblin.
17:09 of 2nd period - Stopped by Antti Raanta with a rebound.
17:11 of 2nd period - Shot by Ben Harpur.
17:11 of 2nd period - Stopped by Antti Raanta without a rebound.
17:12 of 2nd period - Jean-Gabriel Pageau wins face-off versus Jonathan Drouin in BOISE CARIBOUS zone.
17:21 of 2nd period - Shot by Jonathan Drouin.
17:21 of 2nd period - Stopped by Antti Raanta with a rebound.
17:39 of 2nd period - Shot by Jonathan Drouin.
17:39 of 2nd period - Goal by Jonathan Drouin - BOISE CARIBOUS : 1 - REGINA FALCONS : 2.
17:40 of 2nd period - Jonathan Miller wins face-off versus Charlie Coyle in neutral zone.
17:46 of 2nd period - Icing by Moritz Seider.
17:47 of 2nd period - Charlie Coyle wins face-off versus Chris Tierney in BOISE CARIBOUS zone.
19:16 of 2nd period - Shot by Nick Schmaltz.
19:16 of 2nd period - Stopped by Jordan Binnington with a rebound.
19:40 of 2nd period - Shot by Danton Heinen.
19:40 of 2nd period - Stopped by Jordan Binnington without a rebound.
19:41 of 2nd period - David Pastrnak wins face-off versus Jesperi Kotkaniemi in REGINA FALCONS zone.
19:50 of 2nd period - Shot by David Pastrnak.
19:50 of 2nd period - Stopped by Antti Raanta with a rebound.
19:52 of 2nd period - Shot by David Pastrnak.
19:52 of 2nd period - Shot Blocked by Chad Ruhwedel.
19:54 of 2nd period - Shot by David Pastrnak.
19:54 of 2nd period - Stopped by Antti Raanta with a rebound.
19:56 of 2nd period - Shot by Aaron Ekblad.
19:56 of 2nd period - Shot Misses the Net.
Goals for this period are 1 for BOISE CARIBOUS vs 1 for REGINA FALCONS.
Shots for this period are 12 for BOISE CARIBOUS vs 14 for REGINA FALCONS.

3rd period


0:01 of 3rd period - Jonathan Drouin wins face-off versus Charlie Coyle in neutral zone.
0:05 of 3rd period - Jonathan Drouin is hit by Dmitry Kulikov and loses puck.
0:17 of 3rd period - Jonathan Drouin is hit by Dmitry Kulikov and loses puck.
0:23 of 3rd period - Jonathan Drouin is hit by Oliver Kylington and loses puck.
0:40 of 3rd period - Jason Dickinson is hit by Dmitry Kulikov and loses puck.
0:58 of 3rd period - Minor Penalty to Ben Harpur for Tripping.
0:59 of 3rd period - Jason Dickinson wins face-off versus Mikael Granlund in REGINA FALCONS zone.
2:10 of 3rd period - Shot by Lawson Crouse.
2:10 of 3rd period - Stopped by Jordan Binnington without a rebound.
2:11 of 3rd period - Tim Stutzle wins face-off versus Jason Dickinson in REGINA FALCONS zone.
3:00 of 3rd period - Shot by Lawson Crouse.
3:00 of 3rd period - Stopped by Jordan Binnington with a rebound.
3:08 of 3rd period - Shot by David Pastrnak.
3:08 of 3rd period - Shot Blocked by Dylan DeMelo.
3:10 of 3rd period - Shot by Tyler Bozak.
3:10 of 3rd period - Stopped by Antti Raanta without a rebound.
3:11 of 3rd period - Mikael Granlund wins face-off versus Tyler Bozak in BOISE CARIBOUS zone.
3:11 of 3rd period - Mikael Granlund is hit by Tyler Bozak.
3:17 of 3rd period - David Pastrnak is hit by Mikael Granlund and loses puck.
3:22 of 3rd period - Shot by Mikael Granlund.
3:22 of 3rd period - Shot Blocked by Ivan Provorov.
3:24 of 3rd period - Shot by Andre Burakovsky.
3:24 of 3rd period - Shot Misses the Net.
3:26 of 3rd period - Shot by Dmitry Kulikov.
3:26 of 3rd period - Stopped by Jordan Binnington without a rebound.
3:27 of 3rd period - Jesperi Kotkaniemi wins face-off versus Chris Tierney in REGINA FALCONS zone.
3:28 of 3rd period - Shot by Matt Duchene.
3:28 of 3rd period - Stopped by Jordan Binnington without a rebound.
3:29 of 3rd period - Jonathan Miller wins face-off versus Mikael Granlund in REGINA FALCONS zone.
3:47 of 3rd period - Shot by Mikael Granlund.
3:47 of 3rd period - Deflect By Nick Schmaltz.
3:47 of 3rd period - Stopped by Jordan Binnington without a rebound.
3:48 of 3rd period - Jean-Gabriel Pageau wins face-off versus Tyler Bozak in REGINA FALCONS zone.
4:32 of 3rd period - Icing by Artturi Lehkonen.
4:33 of 3rd period - Jean-Gabriel Pageau wins face-off versus Jonathan Drouin in BOISE CARIBOUS zone.
4:58 of 3rd period - Shot by Mikael Granlund.
4:58 of 3rd period - Shot Blocked by Matt Bartkowski.
5:00 of 3rd period - Shot by Mikael Granlund.
5:00 of 3rd period - Stopped by Jordan Binnington without a rebound.
5:01 of 3rd period - Chris Tierney wins face-off versus Charlie Coyle in REGINA FALCONS zone.
5:22 of 3rd period - Charlie Coyle is hit by Nick Perbix and loses puck.
5:33 of 3rd period - Shot by Charlie Coyle.
5:33 of 3rd period - Stopped by Jordan Binnington without a rebound.
5:34 of 3rd period - Mikael Granlund wins face-off versus Jonathan Drouin in REGINA FALCONS zone.
5:47 of 3rd period - Shot by Mikael Granlund.
5:47 of 3rd period - Stopped by Jordan Binnington without a rebound.
5:48 of 3rd period - Tyler Bozak wins face-off versus Jesperi Kotkaniemi in REGINA FALCONS zone.
7:08 of 3rd period - Shot by Jonathan Drouin.
7:08 of 3rd period - Shot Misses the Net.
7:10 of 3rd period - Shot by Jason Dickinson.
7:10 of 3rd period - Shot Blocked by Rasmus Dahlin.
7:12 of 3rd period - Shot by Jonathan Drouin.
7:12 of 3rd period - Stopped by Antti Raanta with a rebound.
7:40 of 3rd period - Shot by Jonathan Miller.
7:40 of 3rd period - Shot Misses the Net.
7:42 of 3rd period - Shot by Chris Tierney.
7:42 of 3rd period - Shot Misses the Net.
8:21 of 3rd period - Shot by Michael Dal Colle.
8:21 of 3rd period - Shot Blocked by Rasmus Dahlin.
8:23 of 3rd period - Shot by James Hamblin.
8:23 of 3rd period - Shot Misses the Net.
8:25 of 3rd period - Shot by Andrej Sekera.
8:25 of 3rd period - Stopped by Antti Raanta without a rebound.
8:26 of 3rd period - Mikael Granlund wins face-off versus Tyler Bozak in BOISE CARIBOUS zone.
8:42 of 3rd period - David Pastrnak is hit by Oliver Kylington.
8:56 of 3rd period - Shot by Mikael Granlund.
8:56 of 3rd period - Stopped by Jordan Binnington without a rebound.
8:57 of 3rd period - Jonathan Drouin wins face-off versus Lawson Crouse in REGINA FALCONS zone.
9:09 of 3rd period - Shot by Jonathan Drouin.
9:09 of 3rd period - Stopped by Antti Raanta without a rebound.
9:10 of 3rd period - Jean-Gabriel Pageau wins face-off versus Chris Tierney in BOISE CARIBOUS zone.
9:24 of 3rd period - Shot by Jean-Gabriel Pageau.
9:24 of 3rd period - Stopped by Jordan Binnington without a rebound.
9:25 of 3rd period - Mikael Granlund wins face-off versus Jonathan Drouin in REGINA FALCONS zone.
9:32 of 3rd period - Shot by Nick Schmaltz.
9:32 of 3rd period - Shot Misses the Net.
9:52 of 3rd period - Shot by Jason Dickinson.
9:52 of 3rd period - Stopped by Antti Raanta without a rebound.
9:53 of 3rd period - Charlie Coyle wins face-off versus Tyler Bozak in BOISE CARIBOUS zone.
10:03 of 3rd period - David Pastrnak is hit by Chad Ruhwedel and loses puck.
10:18 of 3rd period - Shot by Lawson Crouse.
10:18 of 3rd period - Deflect By Tim Stutzle.
10:18 of 3rd period - Stopped by Jordan Binnington without a rebound.
10:19 of 3rd period - Jonathan Miller wins face-off versus Jean-Gabriel Pageau in REGINA FALCONS zone.
10:19 of 3rd period - Jonathan Miller is hit by Jean-Gabriel Pageau.
10:31 of 3rd period - Shot by Jonathan Miller.
10:31 of 3rd period - Stopped by Antti Raanta without a rebound.
10:32 of 3rd period - Mikael Granlund wins face-off versus Jason Dickinson in BOISE CARIBOUS zone.
10:32 of 3rd period - Mikael Granlund is hit by Jeff Malott.
10:46 of 3rd period - Shot by Jason Dickinson.
10:46 of 3rd period - Stopped by Antti Raanta with a rebound.
10:48 of 3rd period - Shot by Jonathan Drouin.
10:48 of 3rd period - Stopped by Antti Raanta with a rebound.
10:50 of 3rd period - Shot by Jonathan Drouin.
10:50 of 3rd period - Shot Blocked by Dylan DeMelo.
10:52 of 3rd period - Shot by Jonathan Drouin.
10:52 of 3rd period - Goal by Jonathan Drouin - BOISE CARIBOUS : 1 - REGINA FALCONS : 3.
10:53 of 3rd period - Tyler Bozak wins face-off versus Tim Stutzle in neutral zone.
10:57 of 3rd period - Icing by Oliver Kylington.
10:58 of 3rd period - Tyler Bozak wins face-off versus Charlie Coyle in BOISE CARIBOUS zone.
10:59 of 3rd period - Shot by David Pastrnak.
10:59 of 3rd period - Goal by David Pastrnak - BOISE CARIBOUS : 1 - REGINA FALCONS : 4.
11:00 of 3rd period - Jonathan Drouin wins face-off versus Charlie Coyle in neutral zone.
11:25 of 3rd period - Icing by Dmitry Kulikov.
11:26 of 3rd period - Tyler Bozak wins face-off versus Charlie Coyle in BOISE CARIBOUS zone.
11:41 of 3rd period - Shot by Tyler Bozak.
11:41 of 3rd period - Stopped by Antti Raanta with a rebound.
11:46 of 3rd period - David Pastrnak is hit by Dmitry Kulikov.
11:53 of 3rd period - David Pastrnak is hit by Dmitry Kulikov and loses puck.
12:25 of 3rd period - Shot by Nick Schmaltz.
12:25 of 3rd period - Shot Misses the Net.
12:27 of 3rd period - Shot by Mikael Granlund.
12:27 of 3rd period - Shot Misses the Net.
12:42 of 3rd period - Icing by Ivan Provorov.
12:43 of 3rd period - Jean-Gabriel Pageau wins face-off versus Tyler Bozak in REGINA FALCONS zone.
12:56 of 3rd period - Danton Heinen is hit by Filip Zadina and loses puck.
14:35 of 3rd period - Shot by Mikael Granlund.
14:35 of 3rd period - Stopped by Jordan Binnington with a rebound.
14:41 of 3rd period - Aaron Ekblad is hit by Mikael Granlund and loses puck.
14:58 of 3rd period - Shot by James Hamblin.
14:58 of 3rd period - Stopped by Antti Raanta without a rebound.
14:59 of 3rd period - James Hamblin wins face-off versus Tim Stutzle in BOISE CARIBOUS zone.
15:12 of 3rd period - Ivan Provorov is hit by Lawson Crouse and loses puck.
15:38 of 3rd period - Icing by Lawson Crouse.
15:39 of 3rd period - Jonathan Drouin wins face-off versus Charlie Coyle in BOISE CARIBOUS zone.
16:48 of 3rd period - Dylan DeMelo is hit by Filip Zadina and loses puck.
17:54 of 3rd period - Shot by Jesperi Kotkaniemi.
17:54 of 3rd period - Stopped by Jordan Binnington without a rebound.
17:55 of 3rd period - Jean-Gabriel Pageau wins face-off versus James Hamblin in REGINA FALCONS zone.
18:24 of 3rd period - Shot by James Hamblin.
18:24 of 3rd period - Stopped by Antti Raanta without a rebound.
18:25 of 3rd period - Mikael Granlund wins face-off versus Jason Dickinson in BOISE CARIBOUS zone.
19:02 of 3rd period - Shot by Mikael Granlund.
19:02 of 3rd period - Shot Misses the Net.
19:04 of 3rd period - Shot by Mikael Granlund.
19:04 of 3rd period - Shot Blocked by Ben Harpur.
19:06 of 3rd period - Shot by Andre Burakovsky.
19:06 of 3rd period - Stopped by Jordan Binnington without a rebound.
19:07 of 3rd period - Tyler Bozak wins face-off versus Danton Heinen in REGINA FALCONS zone.
19:07 of 3rd period - Tyler Bozak is hit by Danton Heinen.
19:14 of 3rd period - Off-side.
19:15 of 3rd period - Charlie Coyle wins face-off versus Chris Tierney in neutral zone.
19:24 of 3rd period - Icing by Jonathan Miller.
19:25 of 3rd period - Chris Tierney wins face-off versus Jean-Gabriel Pageau in REGINA FALCONS zone.
19:25 of 3rd period - Chris Tierney is hit by Danton Heinen.
19:31 of 3rd period - Artturi Lehkonen is hit by Jonathan Miller.
Goals for this period are 0 for BOISE CARIBOUS vs 2 for REGINA FALCONS.
Shots for this period are 14 for BOISE CARIBOUS vs 13 for REGINA FALCONS.


NATHAN
MACKINNON
PHILLIP
DANAULT
CONNOR
MCDAVID

EAST COAST

HOCKEY LEAGUE

  • 25.QUE4CHI5
  • 26.CHA2LIM3
  • 27.TRV2LON3
  • 28.CHW4BAL2
  • 29.PITMAN
  • 30.ATLNHW
  • 31.WORPET
  • 32.RHI